 Dungeon Crawl Stone Soup version 0.23.2-1-ga50397a (webtiles) character file.

Game seed: 4376735843623254151

43 troglodite the Sneak (level 3, 0/18 HPs)
             Began as a Vine Stalker Assassin on May 30, 2019.
             Succumbed to an adder's poison
             ... on level 2 of the Dungeon.
             The game lasted 00:02:57 (1018 turns).

troglodite the Sneak (Vine Stalker Assassin)        Turns: 1018, Time: 00:02:59

Health: 0/18       AC:  6    Str: 13    XL:     3   Next: 58%
Magic:  1/4        EV: 10    Int: 11    God:
Gold:   40         SH:  0    Dex: 16    Spells: 2/2 levels left

rFire    . . .     SeeInvis .   a - +2 dagger
rCold    . . .     Gourm    +   (no shield)
rNeg     . . .     Faith    .   m - +0 ring mail
rPois    .         Spirit   +   (no helmet)
rElec    .         Reflect  .   d - +0 cloak
rCorr    .         Harm     .   (no gloves)
MR       .....                  (no boots)
Stlth    +++.......             i - amulet of the gourmand
HPRegen  0.06/turn              (no ring)
MPRegen  0.09/turn              (no ring)

@: lethally poisoned (0 -> -16)
A: fangs 2, magic shield, antimagic bite, no potion heal 3, rot immunity
a: no special abilities


You were on level 2 of the Dungeon.
You were very full.

You visited 1 branch of the dungeon, and saw 2 of its levels.

You collected 40 gold pieces.

Inventory:

Hand Weapons
 a - a +2 dagger (weapon)
 b - a +0 blowgun
Missiles
 e - 8 poisoned needles
 f - 2 curare-tipped needles
Armour
 d - a +0 cloak (worn)
 m - a +0 ring mail (worn)
Jewellery
 i - an amulet of the gourmand (around neck)
Scrolls
 h - a scroll of remove curse {unknown}
 j - a scroll of enchant armour {unknown}
 l - a scroll of identify {unknown}
 n - a scroll of fog {unknown}
 p - a scroll of teleportation {unknown}
Potions
 c - 2 potions of magic {unknown}
 k - a potion of mutation {unknown}
 q - a potion of might {unknown}
 r - a potion of curing {unknown}
Comestibles
 g - 5 rations
 o - 4 chunks of flesh


   Skills:
 * Level 2.2 Fighting
 + Level 2.0 Short Blades
 + Level 1.7 Throwing
 * Level 0.8 Dodging
 * Level 6.0 Stealth


You had 2 spell levels left.
You didn't know any spells.
Your spell library was empty.

Dungeon Overview and Level Annotations

Branches:
Dungeon (2/15)

Altars:
Wu Jian


Innate Abilities, Weirdness & Mutations

You have extremely sharp teeth.
When hurt, damage is shared between your health and your magic reserves.
Your bite disrupts and absorbs the magic of your enemies.
Potions cannot restore your health.
You are immune to rotting.


Message History

The adder is moderately wounded.
You feel sick. The adder bites you.
* * * LOW HITPOINT WARNING * * *
Your ring mail prevents you from hitting the adder.
The adder is moderately wounded.
The adder bites you.
* * * LOW HITPOINT WARNING * * *
You are more poisoned.
The adder poisons you!
You hit the adder.
The adder is heavily wounded.
* * * LOW HITPOINT WARNING * * *
You feel sick. The adder bites you. The adder closely misses you.
You hit the adder. You bite the adder, but do no damage.
The adder is severely wounded.
* * * LOW HITPOINT WARNING * * *
You feel sick. The adder bites you but does no damage.
You closely miss the adder. Your bite misses the adder.
The adder is severely wounded.
You die...

#. #. ######## #.
#######....... ###.
#.............
....####.##..........
###K................
#..!................
#..@##..##..........
#..S##..##.....#####
#.....##.......#
#.....##.....#.#####
#...##..##..........
#...##..##..##......
............########
..##.##......#######
#.. #.##............#


You could see an adder and a kobold.

Vanquished Creatures
  An adder (D:2)
  An ooze (D:2)
  A dart slug (D:1)
  3 leopard geckos
  A giant cockroach (D:1)
  6 hobgoblins
  3 bats
  2 goblins
  2 kobolds
  6 rats
26 creatures vanquished.

Notes
Turn   | Place    | Note
-------+----------+-------------------------------------------
     0 | D:1      | troglodite the Vine Stalker Assassin began the quest for
                  | the Orb.
     0 | D:1      | Reached XP level 1. HP: 11/11 MP: 2/2
    31 | D:1      | Reached skill level 5 in Stealth
   110 | D:1      | Reached XP level 2. HP: 15/15 MP: 0/3
   834 | D:2      | Found an ornate altar of the Wu Jian Council.
   886 | D:2      | Reached XP level 3. HP: 18/18 MP: 4/4
   893 | D:2      | Reached skill level 6 in Stealth
  1018 | D:2      | Succumbed to an adder's poison

Skill      XL: |  1  2  3 |
---------------+----------+-----
Stealth        | 5 6 |  6.0
Short Blades   | 2 |  2.0
Fighting       | 2 |  2.2
Throwing       | |  1.7
Dodging        | |  0.8

Action                   || total
-------------------------++-------
Melee: Dagger            ||    74
       Bite              ||    13
 Stab: Sleeping          ||     8
  Eat: Chunk             ||    10
Armor: Ring mail         ||    15
       Robe              ||     2
Dodge: Dodged            ||    42
